AoeStats
← crispynuggz73

Lombardia

509497551Analyzed
4v4 RM · 5d ago on Sep 27, 2026· 73m 3s· 8 players
Game mode
Random Map
Map size
Large (8 player)
Population
200
Speed
Normal
Resources
Standard
Victory
Conquest
Starting age
Dark Age
Ending age
Imperial Age
RankedLock teamsTeams togetherTeam positionsShared explorationLock speedFull tech treeHidden civsTurbo modeCheats
Victory
Defeat
🇧🇷 Koreans · Brazil
967
+11
🇧🇷 Mongols · Brazil
928
+12
🇧🇷 Goths · Brazil
750
+19
🇧🇷 Tupi · Brazil
742
+20
🇺🇸 Wu · United States
854
-16
🇨🇦 Varangians · Canada
838
-16
🇺🇸 Britons · United States
833
-15
🇺🇸 Magyars · United States
813
-15
REESE YA DIG
13:48 Feudal Age
14:23 Double-Bit Axe
24:08 Horse Collar
25:32 Gold Mining
25:35 Stone Mining
27:26 Forging
27:22 Scale Mail Armor
28:02 Fletching
28:13 Padded Archer Armor
32:16 Castle Age
37:43 Imperial Age
36:25 Heavy Plow
36:43 Bow Saw
37:08 Bodkin Arrow
37:29 Leather Archer Armor
38:58 Yeomen
39:00 Conscription
40:37 Gold Shaft Mining
41:56 Pikeman
42:38 Squires
42:53 Bracer
43:30 Iron Casting
44:02 Chain Mail Armor
45:20 Elite Longbowman
47:25 Caravan
49:45 Ring Archer Armor
John
11:17 Feudal Age
9:57 Loom
12:07 Double-Bit Axe
12:29 Horse Collar
17:13 Castle Age
16:23 Bloodlines
16:21 Scale Barding Armor
18:07 Forging
18:02 Husbandry
18:13 Heavy Plow
23:02 Bow Saw
24:16 Wheelbarrow
25:27 Hand Cart
26:20 Iron Casting
28:21 Chain Barding Armor
32:18 Gambesons
32:34 Squires
32:36 Scale Mail Armor
33:33 Chain Mail Armor
37:51 Imperial Age
36:56 Vendel Legacy
39:17 Plate Mail Armor
41:29 Conscription
43:52 Cavalier
46:52 Blast Furnace
48:48 Elite Varangian Guard
50:16 Plate Barding Armor
50:42 Gothikon
55:52 Light Cavalry
56:26 Fletching
56:30 Pikeman
crispynuggz73
12:56 Feudal Age
14:26 Double-Bit Axe
26:47 Forging
26:38 Scale Mail Armor
30:42 Castle Age
29:58 Man-at-Arms
31:18 Long Swordsman
31:22 Pikeman
32:59 Fletching
33:09 Padded Archer Armor
33:35 Bodkin Arrow
33:33 Crossbowman
43:56 Imperial Age
44:48 Iron Casting
44:28 Chain Mail Armor
43:57 Horse Collar
45:42 Halberdier
47:46 Arbalester
50:29 Padded Archer Armor
50:50 Long Swordsman
59:13 Bow Saw
-Z-Wolftrap-Z-
3:11 Loom
11:12 Feudal Age
14:09 Double-Bit Axe
16:28 Fletching
22:11 Castle Age
20:52 Padded Archer Armor
22:23 Gold Mining
22:14 Crossbowman
22:53 Bodkin Arrow
25:10 Thumb Ring
29:09 Horse Collar
30:08 Gold Shaft Mining
29:46 Bow Saw
31:11 Bloodlines
31:02 Husbandry
32:56 Leather Archer Armor
34:46 Pikeman
41:57 Scale Mail Armor
42:17 Corvinian Army
46:34 Ballistics
50:39 Man-at-Arms
51:51 Chain Mail Armor
51:45 Long Swordsman
59:15 Imperial Age
59:23 Two-Handed Swordsman
60:08 Bracer
70:01 Scale Barding Armor
Gadega
0:55 Loom
11:49 Feudal Age
18:06 Castle Age
19:02 Double-Bit Axe
21:12 Wheelbarrow
20:23 Horse Collar
23:17 Stone Mining
24:35 Bow Saw
29:32 Heavy Plow
29:41 Caravan
35:22 Imperial Age
33:12 Gold Mining
33:55 Anarchy
34:45 Forging
34:36 Scale Mail Armor
34:40 Squires
37:02 Two-Man Saw
36:39 Crop Rotation
36:25 Perfusion
37:31 Elite Huskarl
38:31 Chain Mail Armor
39:11 Fletching
39:21 Padded Archer Armor
39:59 Iron Casting
40:48 Hand Cart
44:05 Blast Furnace
49:49 Capped Ram
53:39 Conscription
55:02 Sanctity
54:52 Fervor
54:43 Devotion
55:09 Illumination
55:20 Theocracy
54:40 Herbal Medicine
57:42 Pikeman
Fatninja92
6:09 Loom
8:57 Feudal Age
11:05 Double-Bit Axe
20:06 Wheelbarrow
23:53 Castle Age
22:11 Scale Barding Armor
22:18 Forging
21:58 Horse Collar
23:02 Bloodlines
25:47 Husbandry
27:02 Fletching
27:33 Chain Barding Armor
36:27 Heavy Plow
38:09 Bodkin Arrow
41:51 Imperial Age
40:03 Iron Casting
44:02 Heavy Camel Rider
47:13 Bow Saw
47:34 Conscription
48:28 Town Watch
48:58 Hand Cart
48:46 Bracer
48:47 Padded Archer Armor
50:36 Leather Archer Armor
54:34 Light Cavalry
57:22 Blast Furnace
56:07 Hussar
Øzzy
7:03 Loom
10:21 Feudal Age
11:32 Double-Bit Axe
20:59 Castle Age
21:57 Horse Collar
23:16 Scale Barding Armor
24:34 Bow Saw
33:12 Wheelbarrow
34:59 Gold Mining
41:05 Imperial Age
39:28 Elite Skirmisher
43:43 Two-Man Saw
43:53 Chemistry
42:47 Fletching
44:23 Hand Cart
47:04 Bodkin Arrow
48:15 Bracer
49:03 Thumb Ring
50:23 Conscription
55:39 Ballistics
55:17 Murder Holes
56:05 Elite Fire Lancer
57:25 Scale Mail Armor
57:36 Forging
57:49 Squires
64:45 Chain Mail Armor
65:06 Iron Casting
67:34 Plate Mail Armor
68:23 Arson
73:41 Gold Shaft Mining
R4M0S
13:26 Feudal Age
18:09 Castle Age
16:41 Scale Mail Armor
17:55 Champi Runner
20:14 Chain Mail Armor
24:00 Double-Bit Axe
24:19 Squires
27:25 Caciques
35:01 Champi Warrior
35:27 Horse Collar
36:23 Pikeman
41:57 Imperial Age
44:40 Elite Skirmisher
45:46 Capped Ram
50:34 Elite Ibirapema Warrior
53:24 Siege Ram
54:35 Elite Champi Warrior
55:47 Arson
65:29 Halberdier
68:36 Plate Mail Armor
Connection lost

Rejoining the realm…

Still unreachable

The connection could not be restored.

Session expired

The server has moved on; the page needs a fresh start.